 Dungeon Crawl Stone Soup version 0.29.0-4-gdea44cf6ec (webtiles) character file.

Game seed: 12356953479199485906

114 qw the Chopper (level 4, 0/26 HPs)
             Began as a Tengu Warper on Aug 28, 2022.
             Slain by an orc warrior
             ... wielding a +0 hand axe
              (4 damage)
             ... on level 3 of the Dungeon.
             The game lasted 00:00:18 (2121 turns).

qw the Chopper (Tengu Warper)                       Turns: 2121, Time: 00:00:18

Health: 0/26       AC:  8    Str: 14    XL:     4   Next: 98%
Magic:  8/8        EV: 15    Int: 13    God:
Gold:   201        SH:  0    Dex: 13    Spells: 7/7 levels left

rFire   . . .      SeeInvis .   Y - +0 hand axe
rCold   . . .      Faith    .   (no shield)
rNeg    . . .      Spirit   .   j - +1 ring mail of the Desert {rElec}
rPois   .          Reflect  .   (helmet restricted)
rElec   +          Harm     .   a - +1 cloak of Starlight {*Dazzle EV+4 Stlth--}
rCorr   .          Rampage  .   (no gloves)
Will    .....                   (boots unavailable)
Stlth   ..........              (no amulet)
HPRegen 0.08/turn               (no ring)
MPRegen 0.11/turn               (no ring)

@: no status effects
A: beak, talons 3
a: no special abilities


You were on level 3 of the Dungeon.
You visited 1 branch of the dungeon, and saw 3 of its levels.

You collected 201 gold pieces.


Innate Abilities, Weirdness & Mutations

You have a beak for a mouth.
You have claws for feet.


   Skills:
 - Level 2.0 Fighting
 + Level 5.5 Axes
 - Level 1.0 Throwing
 - Level 1.1 Armour
 - Level 2.1 Dodging
 - Level 2.0 Spellcasting
 - Level 2.4 Translocations


You had 7 spell levels left.
You didn't know any spells.
Your spell library contained the following spells:

 Spells                   Type           Power      Damage    Failure   Level
 Blink                    Tloc           14%        N/A       30%         2
 Gell's Gravitas          Tloc           7%         N/A       52%         3
 Lesser Beckoning         Tloc           7%         N/A       52%         3
 Teleport Other           Tloc           7%         N/A       52%         3
 Manifold Assault         Tloc           7%         N/A       99%         5

Inventory:

Hand Weapons
 i - a +0 flail
 Y - a +0 hand axe (weapon)
Missiles
 n - 2 javelins (quivered)
Armour
 a - the +1 cloak of Starlight (worn) {*Dazzle EV+4 Stlth--}
   (You acquired it on level 1 of the Dungeon)

   It may blind those who miss an attack against the wearer in melee combat.
   EV:        It affects your evasion (+4).
   Stlth:     It makes you much less stealthy.
 j - the +1 ring mail of the Desert (worn) {rElec}
   (You found it on level 2 of the Dungeon)

   rElec:     It insulates you from electricity.
Jewellery
 m - an amulet of regeneration
Scrolls
 g - a scroll of enchant armour
 k - a scroll of identify
 l - a scroll of butterflies {unknown}
Potions
 b - a potion of attraction {unknown}
 c - a potion of mutation {unknown}
 d - a potion of cancellation {unknown}
 e - a potion of invisibility {unknown}
 f - a potion of might {unknown}
 h - a potion of curing

Dungeon Overview and Level Annotations

Branches:
Dungeon (3/15)

Altars:


Message History

You hit the orc warrior. You claw the orc warrior.
The orc warrior is moderately wounded.
You hit the orc. The orc warrior closely misses you. The orc barely misses you.
The orc is temporarily struck blind!
You hit the orc.
You kill the orc!
You barely miss the orc warrior. The orc warrior closely misses you.
You closely miss the orc warrior. Your kick misses the orc warrior.
The orc warrior is moderately wounded.
The orc warrior hits you with a +0 hand axe.
You hit the orc warrior.
The orc warrior is heavily wounded.
You hit the orc warrior.
The orc warrior is heavily wounded.
You hit the orc. The orc warrior barely misses you. The orc closely misses you.
You closely miss the orc warrior.
You peck the orc warrior, but do no damage.
The orc warrior is heavily wounded.
You barely miss the orc.
The orc warrior hits you but does no damage.
The orc hits you with a +0 falchion.
You barely miss the orc warrior.
The orc warrior is heavily wounded.
You hit the orc.
You kill the orc!
The orc warrior barely misses you.
You barely miss the orc warrior.
The orc warrior is heavily wounded.
You hit the orc.
The orc warrior hits you with a +0 hand axe!
Ouch! That really hurt!
The orc hits you but does no damage.
You closely miss the orc. Your kick misses the orc.
The orc is severely wounded.
You closely miss the orc warrior.
The orc warrior hits you with a +0 hand axe.
You die...

#. #. ##. ######
######.#####......
............#.# ###
#..........# ##.##
#........@###
#...####........oo......
............%....####..!
#...####............
##.## #...>.....##.#
##.# #.........# # ##.#
#.........# #..#
#######...(. #.## .####


You could see an orc warrior and an orc.

Vanquished Creatures
  3 gnolls (D:2)
  2 adders
  A worm (D:2)
  A dart slug (D:2)
  4 orcs (D:3)
  6 endoplasms
  A giant cockroach (D:1)
  4 goblins
  7 hobgoblins
  2 jackals (D:2)
  A quokka (D:1)
  3 ball pythons
  9 bats
  7 frilled lizards
  6 kobolds
  2 rats
59 creatures vanquished.

Notes
Turn   | Place    | Note
-------+----------+-------------------------------------------
     0 | D:1      | qw the Tengu Warper began the quest for the Orb.
     0 | D:1      | Reached XP level 1. HP: 12/12 MP: 4/4
     0 | D:1      | 0 ||| qw: Version: 0.1-a-89-g26bdef1
     0 | D:1      | 0 ||| qw: Game counter: 2413
     0 | D:1      | 0 ||| qw: Always use a shield: true
     0 | D:1      | 0 ||| qw: God list: Okawaru
     0 | D:1      | 0 ||| qw: Allow faded altars: false
     0 | D:1      | 0 ||| qw: Do Orc after D:15 true
     0 | D:1      | 0 ||| qw: Do second Lair branch before Depths: true
     0 | D:1      | 0 ||| qw: Lair rune preference: random
     0 | D:1      | 0 ||| qw: Plans: Normal
     0 | D:1      | 0 ||| PLANNING D:1-11
    19 | D:1      | 19 ||| Stepping ~*~*~tactically~*~*~ (stealth).
    22 | D:1      | 22 ||| Stepping ~*~*~tactically~*~*~ (stealth).
    87 | D:1      | 87 ||| Stepping ~*~*~tactically~*~*~ (stealth).
   106 | D:1      | 106 ||| DROPPING +0 club.
   177 | D:1      | Reached XP level 2. HP: 17/17 MP: 6/6
   182 | D:1      | Reached skill level 3 in Axes
   537 | D:1      | 537 ||| DROPPING +0 whip.
   647 | D:1      | 647 ||| UPGRADING to +0 ring mail.
   657 | D:1      | 657 ||| DROPPING +0 leather armour.
   658 | D:1      | 658 ||| READING scroll labelled GIKABA FABYROS.
   658 | D:1      | Identified a scroll of acquirement
   658 | D:1      | 658 ||| ACQUIRING +1 cloak of Starlight {*Dazzle EV+4
                  | Stlth--}
   658 | D:1      | Acquired the +1 cloak of Starlight {*Dazzle EV+4 Stlth--}
   658 | D:1      | Found the +1 cloak of Starlight {*Dazzle EV+4 Stlth--}
   660 | D:1      | 660 ||| UPGRADING to +1 cloak of Starlight {*Dazzle EV+4
                  | Stlth--}.
   665 | D:1      | 665 ||| DRINKING 3 white potions.
   696 | D:1      | 696 ||| DRINKING 2 inky potions.
   697 | D:1      | 697 ||| DROPPING scroll of blinking.
   698 | D:1      | 698 ||| DROPPING 2 potions of lignification.
   754 | D:2      | 754 ||| Stepping ~*~*~tactically~*~*~ (stealth).
   755 | D:2      | 755 ||| Stepping ~*~*~tactically~*~*~ (stealth).
   756 | D:2      | 756 ||| Stepping ~*~*~tactically~*~*~ (stealth).
   762 | D:2      | Reached XP level 3. HP: 21/21 MP: 7/7
   816 | D:2      | Reached skill level 4 in Axes
   945 | D:2      | Reached XP level 4. HP: 21/26 MP: 8/8
  1132 | D:2      | Identified the +1 ring mail of the Desert {rElec}
  1258 | D:2      | Reached skill level 5 in Axes
  1567 | D:2      | 1567 ||| UPGRADING to +1 ring mail of the Desert {rElec}.
  1577 | D:2      | 1577 ||| DROPPING +0 ring mail.
  1578 | D:2      | 1578 ||| READING scroll labelled TOTHRUG CASTI.
  1579 | D:2      | 1579 ||| READING scroll labelled ZISACV PUARIO.
  1580 | D:2      | 1580 ||| READING scroll labelled MECZURGHUICA.
  1581 | D:2      | 1581 ||| DRINKING 2 bubbling sapphire potions.
  1686 | D:2      | 1686 ||| DROPPING potion of berserk rage.
  1812 | D:3      | 1812 ||| Stepping ~*~*~tactically~*~*~ (stealth).
  1824 | D:3      | 1824 ||| FLEEEEING.
  1825 | D:3      | 1825 ||| FLEEEEING.
  1827 | D:3      | 1827 ||| FLEEEEING.
  1828 | D:3      | 1828 ||| FLEEEEING.
  1829 | D:3      | 1829 ||| FLEEEEING.
  1830 | D:3      | 1830 ||| FLEEEEING.
  1831 | D:3      | 1831 ||| FLEEEEING.
  1832 | D:3      | 1832 ||| FLEEEEING.
  1833 | D:3      | 1833 ||| FLEEEEING.
  1835 | D:3      | 1835 ||| STAIRDANCE
  1892 | D:3      | Found a faded altar of an unknown god.
  2106 | D:3      | Noticed an orc warrior
  2107 | D:3      | 2107 ||| Stepping ~*~*~tactically~*~*~ (stealth).
  2109 | D:3      | 2109 ||| Stepping ~*~*~tactically~*~*~ (stealth).
  2120 | D:3      | HP: 4/26 [orc warrior/+0 hand axe (13)]
  2121 | D:3      | Slain by an orc warrior

Levels and vault maps discovered:
D:1:      zaba_arrival_water, layout_basic
D:2:      layout_basic
D:3:      layout_loops_ring, nicolae_ecumenical_oubliette

Skill      XL: |  1  2  3  4 |
---------------+-------------+-----
Axes           | 3 4 5 |  5.5
Fighting       | |  2.0
Throwing       | |  1.0
Armour         | |  1.1
Dodging        | |  2.1
Spellcasting   | |  2.0
Translocations | |  2.4

Action                   |  1- 3 |  4- 6 || total
-------------------------+-------+-------++-------
Melee: Hand axe          |    81 |    74 ||   155
       Kick              |    21 |    16 ||    37
       Peck              |     6 |    12 ||    18
Throw: Boomerang         |     7 |       ||     7
       Javelin           |       |     5 ||     5
  Use: Potion            |     2 |     1 ||     3
       Scroll            |     1 |     3 ||     4
 Stab: Invisible         |     1 |     1 ||     2
Armor: Leather armour    |    15 |       ||    15
       Ring mail         |     7 |    14 ||    21
Dodge: Dodged            |    57 |    47 ||   104

Table legend:
 A = Non-vault XP
 B = Vault XP
 C = Vault XP percentage of total XP
 D = Non-vault monster count
 E = Vault monster count
 F = Vault count percentage of total count
                 A         B        C        D         E       F
            +---------+---------+-------+---------+---------+-------
      Total |     164 |       0 |   0.0 |      59 |       0 |   0.0
            +---------+---------+-------+---------+---------+-------
        D:1 |      30 |       0 |   0.0 |      19 |       0 |   0.0
        D:2 |      95 |       0 |   0.0 |      26 |       0 |   0.0
        D:3 |      39 |       0 |   0.0 |      14 |       0 |   0.0
            +---------+---------+-------+---------+---------+-------
